 Dungeon Crawl Stone Soup version 0.28.0-53-g5a82cb258f (webtiles) character file.

Game seed: 5488178511471413952

61 unlimited1921 the Stinger (level 3, -1/24 HPs)
             Began as a Demonspawn Venom Mage on Aug 1, 2022.
             Splashed by a jelly's acid (9 damage)
             ... on level 3 of the Dungeon.
             The game lasted 00:14:07 (5688 turns).

unlimited1921 the Stinger (Demonspawn Venom Mage)   Turns: 5688, Time: 00:14:07

Health: -1/24      AC:  2    Str:  8    XL:     3   Next: 83%
Magic:  7/7        EV: 12    Int: 18    God:
Gold:   143        SH:  0    Dex: 13    Spells: 1/7 levels left

rFire   . . .      SeeInvis .   f - +0 spear
rCold   . . .      Faith    .   (no shield)
rNeg    + . .      Spirit   .   a - +0 robe
rPois   .          Reflect  .   (no helmet)
rElec   .          Harm     .   (no cloak)
rCorr   .          Rampage  .   (no gloves)
Will    .....                   (no boots)
Stlth   ++........              (no amulet)
HPRegen 0.08/turn               q - ring of positive energy
MPRegen 0.10/turn               (no ring)

@: no status effects
A: ignite blood 1
a: no special abilities


You were on level 3 of the Dungeon.
You visited 1 branch of the dungeon, and saw 3 of its levels.

You collected 143 gold pieces.

Inventory:

Hand Weapons
 c - a +0 dagger
 f - a +0 spear (weapon)
Missiles
 b - 46 stones
Armour
 a - a +0 robe (worn)
 h - a +0 tower shield
 j - a +0 ring mail
 n - a scarf of invisibility
Jewellery
 q - a ring of positive energy (left hand)
Scrolls
 e - a scroll of immolation
 i - a scroll of magic mapping {unknown}
 k - a scroll of identify {unknown}
 p - a scroll of teleportation {unknown}
Potions
 d - a potion of ambrosia {unknown}
 g - a potion of lignification {unknown}
 l - a potion of curing {unknown}
 m - a potion of heal wounds {unknown}
 o - 2 potions of degeneration {unknown}


   Skills:
 + Level 2.0 Dodging
 + Level 2.0 Stealth
 * Level 2.9 Spellcasting
 + Level 1.3 Transmutations
 + Level 0.1 Fire Magic
 + Level 0.2 Air Magic
 + Level 3.6 Poison Magic


You had one spell level left.
You knew the following spells:

 Your Spells              Type           Power      Damage    Failure   Level
a - Sting                 Tmut/Pois      44%        1d5       6%          1
b - Poisonous Vapours     Pois/Air       18%        N/A       11%         2
c - Ignite Poison         Fire/Tmut/Pois 8%         N/A       26%         3

Your spell library contained the following spells:

 Spells                   Type           Power      Damage    Failure   Level
 Mephitic Cloud           Conj/Pois/Air  7%         N/A       28%         3
 Olgreb's Toxic Radiance  Pois           15%        N/A       36%         4
 Ozocubu's Armour         Ice            2%         N/A       45%         3
 Freezing Cloud           Conj/Ice/Air   1%         6-21      99%         5


Dungeon Overview and Level Annotations

Branches:
Dungeon (3/15)

Altars:

Shops:
D:3 *[


Innate Abilities, Weirdness & Mutations

Your demonic aura sometimes causes spilled blood to erupt in flames.


Message History

Casting: Poisonous Vapours (safe; 11% risk of failure)
Confirm with . or Enter, or press ? or * to list all spells.
You can't see any susceptible monsters within range! (Use Z to cast anyway.)
Casting: Poisonous Vapours (safe; 11% risk of failure)
Confirm with . or Enter, or press ? or * to list all spells.
You can't see any susceptible monsters within range! (Use Z to cast anyway.)
Casting: Poisonous Vapours (safe; 11% risk of failure)
Confirm with . or Enter, or press ? or * to list all spells.
Okay, then.
Unknown command.
Okay, then.
You see here 16 stones.
The jelly quivers.
Casting: Poisonous Vapours (safe; 11% risk of failure)
Confirm with . or Enter, or press ? or * to list all spells.
You can't see any susceptible monsters within range! (Use Z to cast anyway.)
Casting: Poisonous Vapours (safe; 11% risk of failure)
Confirm with . or Enter, or press ? or * to list all spells.
You can't see any susceptible monsters within range! (Use Z to cast anyway.) Unknown command.
Casting: Poisonous Vapours (safe; 11% risk of failure)
Confirm with . or Enter, or press ? or * to list all spells.
You can't see any susceptible monsters within range! (Use Z to cast anyway.)
Casting: Poisonous Vapours (safe; 11% risk of failure)
Confirm with . or Enter, or press ? or * to list all spells.
You can't see any susceptible monsters within range! (Use Z to cast anyway.)
You reach to attack!
You hit the jelly but do no damage. You hit the jelly.
Your hands burn!
The jelly is lightly wounded.
The jelly misses you.
You hit the jelly.
Your hands burn!
The jelly is moderately wounded.
The jelly barely misses you.
You hit the jelly.
Your hands burn!
The jelly is heavily wounded.
The jelly hits you.
You are splashed with acid.
You are too injured to fight recklessly!
The jelly hits you but does no damage. The jelly hits you.
You are splashed with acid!
You die...

.#.#.# ....# #.#.#
#.#.# #(#.# #.#.#
####.###.#.# ...
......∩...#############
..
###.##..#.....J@......#
.. ##.##..#########.#
#. #.##..# #.# #. #.# #
..##..# #.# #. ##..#.
####..# #.# #. #....#
#..# #######.# #.
.....## #..# #.......#
######. #.....# #..#
#.#####.# #......
####..### #..#
#.#####.####.#####


You could see a jelly.

Vanquished Creatures
  An adder (D:2)
  A dart slug (D:1)
  2 endoplasms
  6 giant cockroaches
  5 goblins
  4 hobgoblins
  6 quokkas (D:1)
  5 ball pythons
  3 bats (D:1)
  3 frilled lizards
  4 kobolds
  4 rats
44 creatures vanquished.

Vanquished Creatures (others)
  3 plants (D:3)
3 creatures vanquished.

Grand Total: 47 creatures vanquished

Notes
Turn   | Place    | Note
-------+----------+-------------------------------------------
     0 | D:1      | unlimited1921 the Demonspawn Venom Mage began the quest for
                  | the Orb.
     0 | D:1      | Reached XP level 1. HP: 13/13 MP: 3/3
   547 | D:1      | Got Feotoga's Grimoire of the Noxious Glacier
   831 | D:1      | Gained mutation: Your demonic aura sometimes causes spilled
                  | blood to erupt in flames. [demonic ancestry]
   831 | D:1      | Reached XP level 2. HP: 19/19 MP: 3/5
  1037 | D:1      | Reached skill level 1 in Transmutations
  2418 | D:1      | Found a faded altar of an unknown god.
  2434 | D:1      | Reached XP level 3. HP: 24/24 MP: 2/6
  3868 | D:1      | Learned a level 2 spell: Poisonous Vapours
  3872 | D:1      | Learned a level 3 spell: Ignite Poison
  5516 | D:3      | Found Jouhew's General Store.
  5659 | D:3      | Found Ushram's Antique Armour Boutique.
  5688 | D:3      | Splashed by a jelly's acid

Illustrated notes

Levels and vault maps discovered:
D:1:      dpeg_arrival_radiant, layout_loops_ring,
          hellmonk_ecumenical_altar_blasted
D:2:      layout_basic, minmay_tripent
D:3:      layout_loops_ring, vehumet_crystals, lemuel_tele_altar, serial_shops,
          nicolae_shop_overgrown_old_shop, nicolae_square_shop,
          nicolae_square_shop, shop, shop

Skill      XL: |  1  2  3 |
---------------+----------+-----
Dodging        | 2 |  2.0
Transmutations | 1 |  1.3
Stealth        | 2 |  2.0
Spellcasting   | |  2.9
Fire Magic     | |  0.1
Air Magic      | |  0.2
Poison Magic   | |  3.6

Action                   || total
-------------------------++-------
Melee: Unarmed           ||     1
       Dagger            ||     7
       Spear             ||     6
 Cast: Sting             ||    54
       Poisonous Vapours ||    12
       Ignite Poison     ||     3
Armor: Robe              ||     9
Dodge: Dodged            ||    24
